 Dungeon Crawl Stone Soup version 0.29.1-13-g9f3cf754e1 (webtiles) character file.

Game seed: 16294809261288593425

192986 Peloso the Fencer (level 18, -5/142 HPs)
             Began as a Minotaur Fighter on Feb 5, 2023.
             Was the Champion of Okawaru.
             Slain by a thrashing horror (9 damage)
             ... on level 2 of the Abyss.
             The game lasted 01:48:32 (30570 turns).

Peloso the Fencer (Minotaur Fighter)               Turns: 30570, Time: 01:48:33

Health: -5/142     AC: 23    Str: 39    XL:     18   Next: 5%
Magic:  20/20      EV: 11    Int:  5    God:    Okawaru [******]
Gold:   2546       SH:  8    Dex: 11    Spells: 17/17 levels left

rFire   + . .      SeeInvis .   a - +4 double sword (holy)
rCold   + + .      Faith    .   d - +0 buckler of the True Pharaoh {rC+ Regen+ Str+2}
rNeg    . . .      Spirit   .   y - +4 plate armour of Magic {rElec Regen+}
rPois   .          Reflect  .   e - +2 hat
rElec   +          Harm     .   o - scarf {rC+ rF+}
rCorr   .          Rampage  .   C - +2 pair of gloves "Heriso" {Str+5}
Will    ++...      Rage     9%  (no boots)
Stlth   ..........              K - amulet of regeneration
HPRegen 0.00/turn               n - +6 ring of strength
MPRegen 0.17/turn               i - ring of willpower

@: sick, inhibited regen, unable to read, unable to drink
A: horns 2, retaliatory headbutt, [berserk 2], [clumsy 1], [deformed body],
[frail 2], [screaming 2], [inhibited regeneration], [inability to drink after
injury 2], [inability to read after injury 2]
a: Renounce Religion, Heroism, Finesse, Duel


You were on level 2 of the Abyss.
You worshipped Okawaru.
Okawaru was exalted by your worship.
You visited 4 branches of the dungeon, and saw 25 of its levels.
You visited the Abyss 2 times.
You also visited: Sewer, Ossuary and Volcano.

You collected 2917 gold pieces.
You spent 371 gold pieces at shops.

Inventory:

Hand Weapons
 a - a +4 double sword of holy wrath (weapon)
 b - a +2 falchion of electrocution
 c - a +0 scimitar of flaming
Missiles
 s - 2 throwing nets (quivered)
Armour
 d - the +0 buckler of the True Pharaoh (worn) {rC+ Regen+ Str+2}
   (You acquired it on level 3 of the Dungeon)

   Str:       It affects your strength (+2).
   rC:        It protects you from cold.
   Regen:     It increases your rate of health regeneration.
 e - a +2 hat (worn)
 o - a scarf of resistance (worn)
 p - the +1 hat of the Tanner {rElec rPois rN+ Will- Int+4}
   (You found it on level 1 of the Lair of Beasts)

   Int:       It affects your intelligence (+4).
   rElec:     It insulates you from electricity.
   rPois:     It protects you from poison.
   rN:        It protects you from negative energy.
   Will:      It decreases your willpower.
 q - a +0 cloak of fire resistance
 v - a +2 pair of gloves of hurling
 y - the +4 plate armour of Magic (worn) {rElec Regen+}
   (Okawaru gifted it to you on level 4 of the Lair of Beasts)

   rElec:     It insulates you from electricity.
   Regen:     It increases your rate of health regeneration.
 C - the +2 pair of gloves "Heriso" (worn) {Str+5}
   (Okawaru gifted it to you on level 2 of the Elven Halls)

   Str:       It affects your strength (+5).
Jewellery
 g - an amulet of reflection
 h - a +4 ring of evasion
 i - a ring of willpower (right hand)
 n - a +6 ring of strength (left hand)
 u - a ring of flight
 F - an amulet of faith
 K - an amulet of regeneration (around neck)
 U - a ring of see invisible
 X - the ring of Contentment {rN+ Dex+6}
   (You bought it in a shop on level 2 of the Orcish Mines)

   [ring of dexterity]

   Dex:       It affects your dexterity (+6).
   rN:        It protects you from negative energy.
 Z - a ring of resist corrosion
Wands
 D - a wand of digging (5)
Scrolls
 f - 12 scrolls of teleportation
 k - 4 scrolls of blinking
 r - 8 scrolls of fog
 t - 4 scrolls of fear
 x - a scroll of brand weapon
 B - 8 scrolls of immolation
 G - 2 scrolls of enchant armour
 O - 5 scrolls of magic mapping
 W - a scroll of acquirement
Potions
 j - 5 potions of might
 m - a potion of heal wounds
 w - 4 potions of haste
 z - 2 potions of invisibility
 A - a potion of berserk rage
 E - 2 potions of mutation
 L - 5 potions of curing
 N - 4 potions of resistance
 Y - a potion of flight
Miscellaneous
 l - a piece from Xom's chessboard (15/15)


   Skills:
 + Level 19.7 Fighting
 + Level 20.7 Long Blades
 + Level 2.3 Maces & Flails
 + Level 19.8 Armour
 + Level 5.2 Dodging
 + Level 2.0 Stealth
 + Level 17.7 Shields
 + Level 5.0 Invocations
 + Level 1.3 Evocations


You had 17 spell levels left.
You didn't know any spells.
Your spell library contained the following spells:

 Spells                   Type           Power      Damage    Failure   Level
 Magic Dart               Conj           0%         1d3       87%         1
 Necrotise                Necr           0%         1d4       87%         1
 Blink                    Tloc           0%         N/A       95%         2
 Ensorcelled Hibernation  Hex/Ice        0%         N/A       95%         2
 Passwall                 Tmut/Erth      0%         N/A       95%         2
 Dazzling Flash           Conj/Hex       0%         N/A       99%         3
 Frozen Ramparts          Ice            0%         1d1       99%         3
 Ignite Poison            Fire/Tmut/Pois 0%         N/A       99%         3
 Lesser Beckoning         Tloc           0%         N/A       99%         3
 Mephitic Cloud           Conj/Pois/Air  0%         N/A       99%         3
 Swiftness                Air            0%         N/A       99%         3
 Vampiric Draining        Necr           0%         2d6       99%         3
 Hailstorm                Conj/Ice       0%         3d3       100%        4
 Ice Form                 Ice/Tmut       0%         N/A       100%        4
 Iskenderun's Mystic Bla  Conj/Tloc      0%         2d3       100%        4
 Leda's Liquefaction      Hex/Erth       0%         N/A       100%        4
 Agony                    Necr           0%         N/A       100%        5
 Freezing Cloud           Conj/Ice/Air   0%         6-21      100%        5
 Lee's Rapid Deconstruct  Erth           0%         3d5*      100%        5
 Manifold Assault         Tloc           0%         N/A       100%        5
 Metabolic Englaciation   Hex/Ice        0%         N/A       100%        5
 Starburst                Conj/Fire      0%         6d3       100%        6
 Statue Form              Tmut/Erth      0%         N/A       100%        6
 Storm Form               Tmut/Air       0%         N/A       100%        7
 Lehudib's Crystal Spear  Conj/Erth      0%         10d2      100%        8
 Maxwell's Capacitive Co  Air            0%         ∞         100%        8
 Chain Lightning          Conj/Air       0%         N/A       100%        9
 Fire Storm               Conj/Fire      0%         5d1       100%        9
 Shatter                  Erth           0%         3d5*      100%        9
 Call Imp                 Summ           Unusable   N/A       N/A         2
 Summon Lightning Spire   Summ/Air       Unusable   N/A       N/A         4
 Simulacrum               Ice/Necr       Unusable   N/A       N/A         6

Dungeon Overview and Level Annotations

Branches:
Dungeon (15/15)            Temple (0/1) D:6            Lair (5/5) D:8
  Swamp (0/4) Lair:3        Snake (0/4) Lair:2        Slime (0/5) Lair:4
    Orc (2/2) D:12            Elf (3/3) Orc:2        Vaults (0/5) D:13
 Depths (0/4) D:15          Sewer (visited)         Ossuary (visited)
Volcano (visited)

Altars:
Ashenzari
Cheibriados
Elyvilon
Hepliaklqana
Kikubaaqudgha
Makhleb
Nemelex Xobeh
Okawaru
Ru
Sif Muna
Uskayaw
Vehumet
Wu Jian
Xom
Yredelemnul
Zin
The Shining One
Jiyva

Shops:
D:6 *   D:9 *   D:14 *   Orc:2 [*(?

Annotations:
D:9 Casa
Elf:2 3 runed translucent doors


Innate Abilities, Weirdness & Mutations

You have a pair of horns on your head.
You reflexively headbutt those who attack you in melee.
[You have an uncontrollable temper.]
[You are clumsy. (Dex -2)]
[Armour fits poorly on your strangely shaped body.]
[You are very frail. (-20% HP)]
[You frequently scream uncontrollably at your foes.]
[You do not regenerate when monsters are visible.]
[You sometimes lose the ability to drink potions when taking damage.]
[You sometimes lose the ability to read scrolls when taking damage.]


Message History

The ancient zyme barely misses you. You block the ancient zyme's attack.
You slash the ancient zyme! You headbutt the ancient zyme.
The ancient zyme is almost destroyed.
You block the ancient zyme's attack. The ancient zyme closely misses you.
You feel ill.
You hit the ancient zyme. You headbutt the ancient zyme.
You destroy the ancient zyme!
Okawaru accepts your kill.
A large abomination comes into view.
You feel yourself speed up. The large abomination hits you.
* * * LOW HITPOINT WARNING * * *
You barely miss the large abomination. You headbutt the large abomination!
The large abomination is lightly damaged.
You slash the large abomination!
The large abomination convulses!
The large abomination is severely damaged.
The large abomination hits you but does no damage.
You hit the large abomination but do no damage.
The large abomination is severely damaged.
The large abomination hits you!!
You feel threatened and lose the ability to read scrolls!
You feel threatened and lose the ability to drink potions!
* * * LOW HITPOINT WARNING * * *
You hit the large abomination but do no damage.
The large abomination is severely damaged.
You slash the large abomination!
The large abomination convulses.
Your headbutt misses the large abomination.
The large abomination is almost destroyed.
You block the large abomination's attack.
You barely miss the large abomination. You headbutt the large abomination.
You destroy the large abomination!
Okawaru accepts your kill.
You recover from your berserk rage.
You can read scrolls again.
The thrashing horror roars!
You slash the thrashing horror!
The thrashing horror is moderately damaged.
The thrashing horror tramples you!
You feel threatened and lose the ability to read scrolls!
You die...

. # # # ..# #
#... ### #..#
#.# #### ###.
#
#.####...####
. ..
#.#@#...# #..
#.#. .
###.X.#.# .
#.... #
#..#...####.
#. ..#
###...... #
.. #.#.
#.....#.## .
. # #
#....###.. ##
. #..##.#.#.#
.# #. .##
#...#.##.##.
..# #...§ . .
..


You could see a thrashing horror.

Vanquished Creatures
  Jorgrun (D:12)
  2 deep elf blademasters (Elf:2)
  A lich (Abyss:2)
  A sphinx (D:15)
  6 tentacled starspawn
  A storm dragon (D:15)
  A frost giant (D:15)
  5 deep elf sorcerers
  3 deep elf elementalists
  An angel (Abyss:2)
  An orc warlord (Orc:1)
  A stone giant (D:15)
  5 very ugly things
  A lorocyproca (Abyss:2)
  4 deep elf demonologists
  11 deep elf annihilators
  A red draconian (Volcano)
  The ghost of Deed the Peltast, a journeyman MiFi of Wu Jian (Lair:3)
  2 fire dragons
  2 ettins (D:15)
  7 deep elf high priests
  The ghost of raph the Black Sun, a journeyman DsNe of Kikubaaqudgha (Lair:2)
  A deep elf death mage (Elf:2)
  2 yaktaur captains (D:15)
  9 boulder beetles
  A vault guard (D:13)
  2 ogre magi
  A great orb of eyes (D:15)
  Erica (Lair:1)
  A death knight (D:15)
  13 hydras
  9 centaur warriors
  13 dancing weapons
  2 catoblepae
  7 two-headed ogres
  5 tengu warriors
  A deep troll shaman (Lair:5)
  6 death yaks (Lair:5)
  Urug (Orc:1)
  6 deep elf knights
  Sonja (Lair:2)
  A salamander mystic (Volcano)
  4 wretched stars (Abyss:2)
  The ghost of po7itron the Trooper, a novice MiFi of Lugonu (D:7)
  10 skeletal warriors
  A deep troll (D:15)
  3 necromancers (D:13)
  A glowing orange brain (Abyss:2)
  2 wizards (D:13)
  15 deep elf archers
  26 deep elf pyromancers
  23 deep elf zephyrmancers
  A lindwurm (Lair:4)
  A wolf spider (D:15)
  9 orc knights
  10 cyclopes
  14 ugly things
  3 salamanders (Volcano)
  An orc sorcerer (Orc:2)
  3 elephants (Lair:5)
  7 manticores (D:15)
  Maurice (D:8)
  An ice statue (Lair:3)
  A gargoyle (D:10)
  Joseph (D:8)
  A guardian serpent (shapeshifter) (D:15)
  An apocalypse crab (Abyss:2)
  2 black mambas (Lair:3)
  A cane toad (shapeshifter) (D:15)
  3 smoke demons (Abyss:2)
  An unseen horror (D:13)
  An orange demon (Abyss:2)
  9 cane toads
  Maggie (D:8)
  4 freezing wraiths
  6 rime drakes
  An unseen horror zombie (D:10)
  8 komodo dragons
  2 ancient zymes (Abyss:2)
  2 tengu conjurers (D:15)
  4 yaktaurs
  5 trolls
  4 meliai (D:15)
  3 polar bears
  Prince Ribbit (D:8)
  5 hornets
  4 slime creatures
  4 dream sheep (Lair:4)
  19 blink frogs
  3 raiju (Abyss:2)
  3 centaur simulacra
  5 shadows
  6 air elementals
  3 flying skulls (Abyss:2)
  5 large abominations (Abyss:2)
  A ynoxinul (Abyss:2)
  5 water elementals
  4 vampires
  2 wyverns
  4 fire elementals
  5 wraiths
  21 yaks
  18 humans (D:13)
  Grum (D:8)
  4 basilisks
  A steam dragon (Lair:3)
  A neqoxec (Abyss:2)
  9 nagas (Lair:2)
  3 wargs
  3 acid dragons
  11 water moccasins
  The ghost of qipq the Grave Robber, an amateur DENe (D:3)
  39 orc warriors
  3 sky beasts
  A black bear (shapeshifter) (D:15)
  2 black bears
  2 ice beasts (D:5)
  5 ogres
  An ogre (shapeshifter) (D:15)
  A boggart (D:15)
  45 wolves
  24 centaurs
  7 kobold brigands
  6 bullfrogs
  2 necrophages
  A scorpion (Lair:1)
  3 earth elementals
  2 cane toad simulacra (Lair:2)
  2 water moccasin zombies (Ossuary)
  3 wyvern zombies (Ossuary)
  6 wights
  A blink frog simulacrum (Lair:2)
  5 killer bees (D:10)
  2 howler monkeys
  A dream sheep simulacrum (Lair:2)
  A torpor snail simulacrum (Lair:2)
  4 bullfrog zombies (Ossuary)
  15 jellies
  A quasit (Abyss:2)
  2 small abominations (Abyss:2)
  8 centaur zombies
  A wyvern simulacrum (Lair:2)
  7 orc priests
  A water moccasin simulacrum (Lair:2)
  4 hounds (D:6)
  An iguana (D:7)
  An iron imp (Abyss:2)
  22 orc wizards
  A wolf simulacrum (Lair:2)
  6 killer bee zombies (Ossuary)
  A basilisk simulacrum (Lair:2)
  11 mummies (Ossuary)
  6 howler monkey zombies
  3 gnolls (D:5)
  13 adders
  2 river rats (Sewer)
  3 white imps
  3 ufetubi (Abyss:2)
  4 worms
  A dart slug (D:2)
  85 orcs
  7 endoplasms
  4 giant cockroaches
  7 goblins
  6 hobgoblins
  14 jackals
  5 quokkas
  12 ball pythons
  2 bats (D:2)
  4 frilled lizards (D:1)
  46 kobolds
  5 rats
  A starspawn tentacle (Abyss:2)
976 creatures vanquished.

Vanquished Creatures (others)
  A hydra (D:12)
  A wizard (D:14)
  A wind drake (shapeshifter) (D:15)
  An air elemental (Elf:2)
  An orc warrior (Orc:2)
  9 fungi
  14 plants
  16 starspawn tentacles
  9 withered plants
53 creatures vanquished.

Grand Total: 1029 creatures vanquished

Notes
Turn   | Place    | Note
-------+----------+-------------------------------------------
     0 | D:1      | Peloso the Minotaur Fighter began the quest for the Orb.
     0 | D:1      | Reached XP level 1. HP: 19/19 MP: 0/0
   140 | D:1      | Reached XP level 2. HP: 27/27 MP: 1/1
   421 | D:1      | Found a faded altar of an unknown god.
  1204 | D:2      | Reached XP level 3. HP: 33/33 MP: 2/2
  1306 | D:2      | Reached skill level 3 in Long Blades
  1350 | D:2      | Found a white marble altar of Elyvilon.
  1945 | D:3      | Noticed qipq's ghost (amateur DENe)
  1957 | D:3      | Reached XP level 4. HP: 40/40 MP: 3/3
  2015 | D:3      | Found a sparkling altar of Nemelex Xobeh.
  2078 | D:3      | Identified a scroll of acquirement
  2078 | D:3      | Acquired the +0 buckler of the True Pharaoh {rC+ Regen+
                  | Str+2}
  2151 | D:3      | Reached skill level 4 in Long Blades
  2244 | D:3      | Found a runed translucent door.
  2269 | D:3      | Reached skill level 1 in Dodging
  2295 | D:3      | Reached XP level 5. HP: 12/46 MP: 4/4
  2311 | D:3      | Reached skill level 5 in Armour
  2314 | D:3      | Found a glowing drain.
  2323 | Sewer    | Entered a sewer
  2426 | Sewer    | Reached XP level 6. HP: 49/53 MP: 5/5
  3090 | D:3      | Found an iron altar of Okawaru.
  3202 | D:3      | Became a worshipper of Warmaster Okawaru
  3235 | D:4      | Reached skill level 5 in Long Blades
  3250 | D:4      | Found an ancient bone altar of Kikubaaqudgha.
  3334 | D:4      | Reached skill level 5 in Shields
  3434 | D:4      | Found a broken altar of Ashenzari.
  3435 | D:4      | Found a white marble altar of Elyvilon.
  3435 | D:4      | Found an ornate altar of the Wu Jian Council.
  3436 | D:4      | Found a shimmering altar of Xom.
  3709 | D:5      | Entered Level 5 of the Dungeon
  3716 | D:5      | Reached XP level 7. HP: 57/60 MP: 6/6
  3766 | D:5      | Reached skill level 6 in Long Blades
  3804 | D:5      | Reached skill level 5 in Fighting
  3988 | D:5      | Found a sacrificial altar of Ru.
  4150 | D:5      | Reached * piety under Okawaru
  4151 | D:5      | Reached skill level 7 in Long Blades
  4291 | D:6      | Reached XP level 8. HP: 26/68 MP: 4/7
  4488 | D:6      | Reached skill level 1 in Stealth
  4636 | D:6      | Found a shimmering blue altar of Sif Muna.
  4977 | D:6      | Found a staircase to the Ecumenical Temple.
  4992 | D:6      | Found Zin's Purification Station.
  4996 | D:6      | Found a glowing silver altar of Zin.
  5131 | D:6      | Reached skill level 8 in Long Blades
  5688 | D:7      | Reached ** piety under Okawaru
  5697 | D:7      | Found a sand-covered staircase.
  5704 | Ossuary  | Entered an ossuary
  5734 | Ossuary  | Reached skill level 9 in Long Blades
  5865 | Ossuary  | Reached XP level 9. HP: 77/77 MP: 8/8
  5989 | Ossuary  | Reached skill level 10 in Long Blades
  6320 | D:7      | Reached *** piety under Okawaru
  6653 | D:7      | Found a runed translucent door.
  6653 | D:7      | Found a shimmering altar of Xom.
  6653 | D:7      | Noticed a +2 long sword of chaos
  6653 | D:7      | Noticed po7itron's ghost (novice MiFi)
  6955 | D:8      | Found a burning altar of Makhleb.
  6955 | D:8      | Noticed a green death
  6982 | D:8      | Found a staircase to the Lair.
  7035 | D:8      | Noticed Joseph
  7056 | D:8      | Killed Joseph
  7057 | D:8      | Reached skill level 11 in Long Blades
  7193 | D:8      | Noticed Grum
  7218 | D:8      | Killed Grum
  7250 | D:8      | Found a snail-covered altar of Cheibriados.
  7267 | D:8      | Noticed Prince Ribbit
  7274 | D:8      | Killed Prince Ribbit
  7275 | D:8      | Reached XP level 10. HP: 85/86 MP: 9/9
  7309 | D:8      | Noticed Maurice
  7317 | D:8      | Killed Maurice
  7317 | D:8      | Reached **** piety under Okawaru
  7347 | D:8      | Noticed Maggie
  7372 | D:8      | Killed Maggie
  7373 | D:8      | Reached skill level 12 in Long Blades
  7974 | D:8      | Reached skill level 1 in Invocations
  8057 | D:9      | Reached skill level 10 in Armour
  8175 | D:9      | Paralysed by a hornet for 1 turns
  8182 | D:8      | Paralysed by a hornet for 2 turns
  8358 | D:9      | Found Sedonei's CLEARANCE SALE!.
  8365 | D:9      | Bought a scroll of enchant weapon for 52 gold pieces
  8547 | D:9      | Found a glowing golden altar of the Shining One.
  8578 | D:9      | Found a hazy altar of Hepliaklqana.
  8623 | D:9      | Found a basalt altar of Yredelemnul.
  8657 | D:10     | Entered Level 10 of the Dungeon
  8672 | D:10     | Found a hide-covered altar of Uskayaw.
  8932 | D:10     | Identified the +0 ice dragon scales of the Baker {*Corrode
                  | rF- rC++ Str+9 Int+4}
  8954 | D:10     | Reached ***** piety under Okawaru
  8975 | D:10     | Reached XP level 11. HP: 26/95 MP: 11/11
  8991 | D:10     | Identified the +5 crystal plate armour "Sotauw Guttu" {+Inv
                  | Stlth+} (Okawaru gifted it to you on level 10 of the
                  | Dungeon)
  8991 | D:10     | Received a gift from Okawaru
  9274 | D:10     | Reached skill level 13 in Long Blades
  9824 | D:11     | Noticed a purple ugly thing
  9843 | D:11     | Killed a purple ugly thing
  9844 | D:11     | Reached skill level 14 in Long Blades
 10446 | Lair:1   | Entered Level 1 of the Lair of Beasts
 10591 | Lair:1   | Found a dark tunnel.
 10601 | Volcano  | Entered a volcano
 10631 | Volcano  | Reached skill level 10 in Fighting
 10688 | Volcano  | Noticed a red draconian
 10702 | Volcano  | Killed a red draconian
 10758 | Volcano  | Noticed a salamander mystic
 10773 | Volcano  | Killed a salamander mystic
 10773 | Volcano  | Received a gift from Okawaru
 10774 | Volcano  | Reached XP level 12. HP: 44/106 MP: 10/12
 11005 | Lair:1   | Noticed a six-headed hydra
 11012 | Lair:1   | Killed a six-headed hydra
 11013 | Lair:1   | Reached skill level 10 in Shields
 11084 | Lair:1   | Noticed Erica
 11103 | Lair:1   | Killed Erica
 11135 | Lair:1   | Reached skill level 15 in Long Blades
 11161 | Lair:1   | Reached skill level 1 in Maces & Flails
 11209 | Lair:1   | Noticed a seven-headed hydra
 11223 | Lair:1   | Killed a two-headed hydra
 11408 | Lair:1   | Identified the +1 hat of the Tanner {rElec rPois rN+ Will-
                  | Int+4}
 11670 | Lair:2   | Noticed Sonja
 11742 | Lair:2   | Found a staircase to the Snake Pit.
 11747 | Lair:2   | Killed Sonja
 11747 | Lair:2   | Received a gift from Okawaru
 11843 | Lair:2   | Noticed a five-headed hydra
 11851 | Lair:2   | Killed a one-headed hydra
 11961 | Lair:2   | Noticed a six-headed hydra
 11972 | Lair:2   | Killed a one-headed hydra
 12004 | Lair:2   | Identified the +3 leather armour of Happiness {Will- Int+5}
 12036 | Lair:2   | Found a runed translucent gate.
 12036 | Lair:2   | Found a runed translucent gate.
 12037 | Lair:2   | Found a runed translucent gate.
 12066 | Lair:2   | Noticed raph's ghost (journeyman DsNe)
 12551 | D:12     | Noticed a two-headed ogre
 12562 | D:12     | Killed a two-headed ogre
 12640 | D:12     | Noticed a centaur warrior
 12646 | D:12     | Noticed a two-headed ogre
 12651 | D:12     | Noticed a five-headed hydra
 12658 | D:12     | Killed a centaur warrior
 12670 | D:12     | Killed a five-headed hydra
 12692 | D:12     | Reached XP level 13. HP: 118/118 MP: 12/14
 12861 | D:12     | Reached ****** piety under Okawaru
 12913 | D:12     | Noticed Jorgrun
 12926 | D:12     | Killed Jorgrun
 12957 | D:12     | Received a gift from Okawaru
 12958 | D:12     | Reached skill level 16 in Long Blades
 12975 | D:12     | Found a staircase to the Orcish Mines.
 13312 | D:12     | Identified the +1 robe of the Sacrificial Victim {rN+}
 13360 | D:12     | Received a gift from Okawaru
 13394 | D:12     | Noticed a fire dragon
 13426 | D:12     | Killed a fire dragon
 13569 | Orc:1    | Entered Level 1 of the Orcish Mines
 13603 | Orc:1    | Noticed an orc warlord
 13676 | Orc:1    | Killed an orc warlord
 13897 | Orc:2    | Entered Level 2 of the Orcish Mines
 14267 | Orc:2    | Noticed Urug
 14572 | Orc:1    | Killed Urug
 14704 | Orc:2    | Found a staircase to the Elven Halls.
 14811 | Orc:2    | Received a gift from Okawaru
 14893 | Orc:2    | Reached skill level 15 in Armour
 15012 | Orc:2    | Found Hiolaepo's Assorted Antiques.
 15012 | Orc:2    | Found Amuren's Weapon Shop.
 15014 | Orc:2    | Found Haoj's Magic Scroll Boutique.
 15016 | Orc:2    | Found Nacuumiumu's Antique Armour Shoppe.
 15020 | Orc:2    | Bought a translucent bronze ring for 125 gold pieces
 15020 | Orc:2    | Identified the ring of Contentment {rN+ Dex+6} (You bought
                  | it in a shop on level 2 of the Orcish Mines)
 15027 | Orc:2    | Bought a scroll of magic mapping for 97 gold pieces
 15346 | Orc:1    | Reached XP level 14. HP: 127/129 MP: 16/16
 15798 | D:3      | Killed qipq's ghost
 16011 | D:7      | Killed po7itron's ghost
 16287 | Lair:2   | Killed raph's ghost
 16333 | Lair:2   | Got the ring of Enlicw {Fire Drain rCorr Str-3 Dex+7}
 16404 | Lair:3   | Found a transporter.
 16404 | Lair:3   | Found a transporter.
 16604 | Lair:3   | Identified the +8 mace of Benevolence {protect, Dex+4}
 16657 | Lair:3   | Found a sparkling altar of Nemelex Xobeh.
 16710 | Lair:3   | Found a staircase to the Swamp.
 16766 | Lair:3   | Noticed Deed's ghost (journeyman MiFi)
 16860 | Lair:3   | Identified the +8 battleaxe of Inflation {vorpal, rCorr}
 17465 | Lair:3   | Killed Deed's ghost
 17583 | Lair:4   | Found a staircase to the Slime Pits.
 17585 | Lair:4   | Found a viscous altar of Jiyva.
 17635 | Lair:4   | Reached skill level 17 in Long Blades
 18136 | Lair:4   | Identified the +4 plate armour of Magic {rElec Regen+}
                  | (Okawaru gifted it to you on level 4 of the Lair of Beasts)
 18136 | Lair:4   | Received a gift from Okawaru
 18459 | Lair:5   | Entered Level 5 of the Lair of Beasts
 19602 | Lair:5   | Reached skill level 15 in Fighting
 19625 | Lair:5   | Identified the +5 mace "Demonslayer" {speed, Drain rPois
                  | Will+ Str+2}
 20162 | D:13     | Reached XP level 15. HP: 141/141 MP: 17/17
 20330 | D:13     | Found a gate to the Vaults.
 20944 | D:13     | Received a gift from Okawaru
 21167 | D:14     | Found Lanuvet's Blood Bar.
 22000 | D:15     | Entered Level 15 of the Dungeon
 22081 | D:15     | Reached skill level 15 in Shields
 22279 | D:15     | Received a gift from Okawaru
 22302 | D:15     | Reached skill level 18 in Long Blades
 22561 | D:15     | Found a staircase to the Depths.
 22625 | D:15     | Found a hide-covered altar of Uskayaw.
 22631 | D:15     | Found a hide-covered altar of Uskayaw.
 22632 | D:15     | Found a glowing golden altar of the Shining One.
 23500 | D:15     | Received a gift from Okawaru
 23650 | D:15     | Reached XP level 16. HP: 99/152 MP: 18/18
 23824 | D:15     | Noticed a sphinx
 23842 | D:15     | Killed a sphinx
 23910 | D:15     | Identified the +1 pair of gloves of Jierat {Contam rN+ MP+9
                  | SInv} (Okawaru gifted it to you on level 15 of the Dungeon)
 23910 | D:15     | Received a gift from Okawaru
 24317 | D:15     | Noticed a storm dragon
 24345 | D:15     | Killed a storm dragon
 24346 | D:15     | Reached skill level 19 in Long Blades
 25480 | D:15     | Got Vibagruxki's Compilation of Energetic Congelation
 26028 | Orc:2    | Bought a scroll of enchant weapon for 97 gold pieces
 26072 | Elf:1    | Entered Level 1 of the Elven Halls
 26109 | Elf:1    | Found a radiant altar of Vehumet.
 26163 | Elf:1    | Reached skill level 1 in Evocations
 26281 | Elf:1    | Paralysed by an air elemental for 1 turns
 26321 | Elf:1    | Paralysed by an air elemental for 1 turns
 26328 | Elf:1    | Paralysed by an air elemental for 1 turns
 27221 | Elf:2    | Identified the +2 pair of gloves "Heriso" {Str+5} (Okawaru
                  | gifted it to you on level 2 of the Elven Halls)
 27221 | Elf:2    | Received a gift from Okawaru
 27304 | Elf:2    | Identified the +8 battleaxe "Keip" {vorpal, rF++ Will+}
 27389 | Elf:2    | Found a runed translucent gate.
 27389 | Elf:2    | Found a runed translucent gate.
 27390 | Elf:2    | Found a runed translucent gate.
 27466 | Elf:2    | Reached XP level 17. HP: 89/163 MP: 19/19
 27530 | Elf:2    | Paralysed by an air elemental for 1 turns
 27573 | Elf:2    | Paralysed by an air elemental for 1 turns
 27643 | Elf:2    | Paralysed by an air elemental for 1 turns
 27868 | Elf:2    | Identified the +1 cloak of Gypsuwk {rCorr Int+2}
 28204 | Elf:3    | Entered Level 3 of the Elven Halls
 28411 | Elf:3    | Received a gift from Okawaru
 28412 | Elf:3    | Noticed a deep elf blademaster
 28689 | Elf:2    | Killed a deep elf blademaster
 29025 | Abyss:2  | Cast into level 2 of the Abyss (a deep elf sorcerer)
 29044 | Abyss:2  | Found a corrupted altar of Lugonu.
 29128 | Abyss:2  | Reached skill level 20 in Long Blades
 29385 | Abyss:2  | Reached skill level 5 in Dodging
 29421 | Elf:2    | Escaped the Abyss
 29427 | Elf:2    | Identified the +1 robe of Moral Flaws {Dex+3} (Okawaru
                  | gifted it to you on level 2 of the Elven Halls)
 29427 | Elf:2    | Received a gift from Okawaru
 29662 | Elf:3    | Noticed a deep elf blademaster
 29688 | Elf:3    | Noticed a Tzitzimitl
 29699 | Elf:3    | Noticed an Ice Fiend
 29706 | Elf:3    | Identified the +8 great mace of the Sky {vorpal, rPois
                  | Stlth+}
 29921 | Elf:3    | Reached skill level 5 in Invocations
 29932 | Elf:3    | Noticed a deep elf blademaster
 29950 | Elf:2    | Killed a deep elf blademaster
 29971 | Elf:3    | Noticed a deep elf master archer
 30071 | Abyss:2  | Cast into level 2 of the Abyss (a deep elf demonologist)
 30391 | Abyss:2  | Noticed a lich
 30400 | Abyss:2  | Killed a lich
 30413 | Abyss:2  | Reached XP level 18. HP: 56/142 MP: 20/20
 30503 | Abyss:2  | HP: 7/142 [poisoned by a green very ugly thing]
 30516 | Abyss:2  | HP: 6/142 [smoke demon/divine providence (12)]
 30553 | Abyss:2  | HP: 4/142 [large abomination (25)]
 30570 | Abyss:2  | Slain by a thrashing horror

Illustrated notes

Levels and vault maps discovered:
D:1:      dpeg_arrival_rhombi, layout_basic, shapermc_ecumenical_altar_venn
D:2:      layout_basic, basic_altar
D:3:      layout_rooms, nicolae_overflow_squiral, portal_sewer_entry_a,
          hellmonk_ghost_happy_afterlife
D:4:      layout_cave_pools, chequers_temple_overflow_statue_of_worship,
          lemuel_tele_altar
D:5:      layout_basic, nicolae_ru_great_annihilating_truth
D:6:      kennysheep_kobold_camp, layout_loops_corners, led_sif_pool,
          zin_purify, minmay_temple_entry_large_hall
D:7:      layout_basic, ebering_ghost_xom, nicolae_ossuary_entry_ruins
D:8:      layout_loops_cross, makhleb_altar_promises_db,
          mainiacjoe_overflow_surrounded_room, lair_entry_dummy,
          uniq_prince_ribbit1, uniq_maurice, uniq_maggie, uniq_joseph, uniq_grum
D:9:      layout_big_octagon, lemuel_round_altar, nzn_hepliaklqana_mist_gate,
          tso_oasis_becter, nicolae_shop_clearance
D:10:     layout_loops_corners, nicolae_uskayaw_dance_hall, serial_undead,
          serial_undead_c, serial_undead_c, serial_undead_c, serial_undead_b,
          serial_undead_c
D:11:     layout_basic
D:12:     minmay_dotted_concentric_squares, layout_stronghold, david_orc_5,
          minmay_liquid_box, hangedman_decor_diamond_cutter, uniq_jorgrun
D:13:     layout_gridville, grunt_vaults_entry_tiered,
          hangedman_abyss_or_decor_lesser_grid, minmay_microvault
D:14:     layout_roguey, serial_rivers, chequers_serial_rivers_room_b,
          chequers_serial_rivers_large_b, chequers_serial_rivers_small_a,
          chequers_serial_rivers_marsh, chequers_serial_rivers_large_a,
          chequers_serial_rivers_micro_a, guppyfry_shop_blood
D:15:     hangedman_slaughterboxes
Lair:1:   layout_cave_shapes, lightli_volcano_entry_magma_tube,
          grunt_megastairs_5, uniq_erica
Lair:2:   layout_misc_corridors, minmay_snake_entry_guardpost_large,
          gammafunk_ghost_icy, uniq_sonja
Lair:3:   layout_concentric_octagons, swamp_mist, basic_altar,
          nzn_ghost_randoct, guppyfry_lair_drakes, infiniplex_staircase_pool_2,
          serial_bayou_shore_b
Lair:4:   layout_regular_city, minmay_slime_entry_jelly_boxes,
          serial_bayou_shore_b
Lair:5:   grunt_lair_end_beastmaster, layout_loops_ring, st_stairs_4,
          serial_bayou_ford_a, grunt_forest_large_clearings
Orc:1:    layout_caves, abandoned_shop, nicolae_orc_lost_temple
Orc:2:    st_orc_rangers, layout_caves, statue_in_the_mist_lemuel, uniq_urug
Elf:1:    eino_elf_arrival_altar, layout_loops_cross,
          kennysheep_underground_church
Elf:2:    elven_hall_of_blades_hangedman_original
          [nicolae_blade_entry_crossed_weapons], layout_loops_corners,
          serial_glass, glass_columns_b, glass_columns_b
Elf:3:    nooodl_elf_gasket, layout_gridlike, gammafunk_ghost_tricky_traps,
          serial_shops, nicolae_shop_crystal, evilmike_minifort
Abyss:2:  base: IceCv, base: Crypt:1, base:
Crypt:1

Skill      XL: |  1  2  3  4  5  6  7  8  9 10 11 12 13 14 15 16 17 |
---------------+----------------------------------------------------+-----
Fighting       | 4 5 6 7 8 10 12 13 15 16 18 19 | 19.7
Armour         | 4 5 6 8 9 11 12 13 15 16 17 18 19 | 19.8
Shields        | 4 5 7 8 9 11 12 14 15 16 17 | 17.7
Long Blades    | 3 4 5 7 9 11 12 14 15 16 17 18 19 20 | 20.7
Dodging        | 1 2 3 4 5 |  5.2
Stealth        | 1 2 |  2.0
Invocations    | 1 2 3 4 5 |  5.0
Maces & Flails | 2 |  2.3
Evocations     | 1 |  1.3

Action                   |  1- 3 |  4- 6 |  7- 9 | 10-12 | 13-15 | 16-18 || total
-------------------------+-------+-------+-------+-------+-------+-------++-------
Melee: Long sword        |   106 |   205 |   527 |   599 |  1648 |       ||  3085
       Headbutt          |    20 |    19 |   114 |   172 |   529 |   316 ||  1170
       Scimitar          |       |       |       |    97 |    74 |    14 ||   185
       Flail             |       |       |       |     3 |       |       ||     3
       Falchion          |       |       |       |       |   125 |       ||   125
       Double sword      |       |       |       |       |    75 |  1243 ||  1318
Invok: Heroism           |       |       |     4 |    27 |    35 |    13 ||    79
Evoke: Wand              |       |       |       |     3 |       |     7 ||    10
  Use: Scroll            |     7 |     3 |    10 |     7 |     4 |     7 ||    38
       Potion            |     1 |     3 |       |     1 |     6 |     8 ||    19
 Stab: Invisible         |       |       |     2 |       |       |       ||     2
       Paralysed         |       |       |     1 |       |       |       ||     1
       Petrified         |       |       |       |       |     3 |       ||     3
Armor: Scale mail        |    14 |       |       |       |       |       ||    14
       Chain mail        |    57 |   106 |    36 |       |       |       ||   199
       Plate armour      |       |       |   209 |   164 |   892 |   682 ||  1947
       Crystal plate arm |       |       |       |   363 |   740 |       ||  1103
       Ice dragon scales |       |       |       |       |    17 |       ||    17
Dodge: Dodged            |    44 |    64 |   160 |   263 |   893 |   389 ||  1813
Block: Buckler           |    27 |    51 |    99 |   197 |   809 |   391 ||  1574
